 Dungeon Crawl Stone Soup version 0.27-a0-1612-gde56a17b89 (webtiles) character file.

Game seed: 9966263937654815674

1290 hatdisgam the Firebug (level 8, -1/58 HPs)
             Began as a Gnoll Fire Elementalist on July 21, 2021.
             Engulfed by a steam dragon's steam (10 damage)
             ... on level 7 of the Dungeon.
             The game lasted 00:12:06 (6882 turns).

hatdisgam the Firebug (Gnoll Fire Elementalist)     Turns: 6882, Time: 00:12:06

Health: -1/58      AC:  5    Str:  7    XL:     8   Next: 55%
Magic:  1/17       EV: 13    Int: 16    God:
Gold:   170        SH:  0    Dex: 14    Spells: 14/19 levels left

rFire    . . .     SeeInvis .   v - +0 falchion (drain)
rCold    . . .     Faith    .   (no shield)
rNeg     . . .     Spirit   .   E - +1 leather armour {rPois}
rPois    +         Reflect  .   (no helmet)
rElec    .         Harm     .   (no cloak)
rCorr    .         Rampage  .   u - +1 pair of gloves
Will     .....                  (no boots)
Stlth    +++.......             (no amulet)
HPRegen  0.19/turn              (no ring)
MPRegen  0.15/turn              (no ring)

@: marked, flying, very slightly contaminated, invisible
A: fangs 1, strong nose, distributed training, deformed body, MP-powered wands
a: no special abilities


You were on level 7 of the Dungeon.
You visited 1 branch of the dungeon, and saw 7 of its levels.

You collected 431 gold pieces.
You spent 261 gold pieces at shops.

Inventory:

Hand Weapons
 b - a +0 short sword
 i - a +0 spear
 v - a +0 falchion of draining (weapon)
 C - a -3 quick blade
 D - a -1 double sword
Missiles
 k - 135 stones
 r - 52 sling bullets
 x - 84 arrows
 F - 2 boomerangs
Armour
 a - a +0 robe
 u - a +1 pair of gloves (worn)
 E - a +1 leather armour of poison resistance (worn)
Jewellery
 w - the ring of Aczimak {rElec rF++ Will++ Str+6 Int-5}
   (You took it off a goblin on level 4 of the Dungeon)

   [ring of strength]

   Str:       It affects your strength (+6).
   Int:       It affects your intelligence (-5).
   rF:        It greatly protects you from fire.
   rElec:     It insulates you from electricity.
   Will:      It greatly increases your willpower.
 z - a ring of protection from fire
 G - a ring of fire
 H - a ring of protection from cold
Wands
 y - a wand of digging (6)
Scrolls
 d - 2 scrolls of noise
 e - a scroll of teleportation {unknown}
 f - 2 scrolls of identify
 h - 2 scrolls of enchant weapon
 l - a scroll of brand weapon {unknown}
 m - 2 scrolls of blinking
 n - 3 scrolls of amnesia {unknown}
 A - a scroll of magic mapping {unknown}
 B - a scroll of immolation {unknown}
 J - 2 scrolls of vulnerability {unknown}
Potions
 c - 3 potions of mutation
 g - 2 potions of haste
 j - a potion of flight
 o - a potion of cancellation {unknown}
 p - a potion of curing {unknown}
 s - a potion of heal wounds {unknown}
 t - 3 potions of attraction
 I - 2 potions of resistance {unknown}
 K - a potion of might {unknown}


   Skills:
 + Level 3.3 Fighting
 + Level 3.3 Short Blades
 + Level 3.3 Long Blades
 + Level 3.3 Axes
 + Level 3.3 Maces & Flails
 + Level 3.3 Polearms
 + Level 3.3 Staves
 + Level 3.3 Slings
 + Level 3.3 Bows
 + Level 3.3 Crossbows
 + Level 3.3 Throwing
 + Level 3.3 Armour
 + Level 5.7 Dodging
 + Level 5.4 Stealth
 + Level 3.3 Shields
 + Level 3.3 Unarmed Combat
 + Level 6.1 Spellcasting
 + Level 3.5 Conjurations
 + Level 2.7 Hexes
 + Level 2.7 Summonings
 + Level 2.7 Necromancy
 + Level 2.7 Translocations
 + Level 2.7 Transmutations
 + Level 6.1 Fire Magic
 + Level 2.7 Ice Magic
 + Level 2.7 Air Magic
 + Level 2.7 Earth Magic
 + Level 2.7 Poison Magic
 + Level 3.7 Invocations
 + Level 3.3 Evocations


You had 14 spell levels left.
You knew the following spells:

 Your Spells              Type           Power      Damage    Failure   Level
a - Foxfire               Conj/Fire      80%        2x1d8     2%          1
b - Sticky Flame          Conj/Fire      20%        2d4       26%         4

Your spell library contained the following spells:

 Spells                   Type           Power      Damage    Failure   Level
 Animate Skeleton         Necr           26%        N/A       6%          1
 Apportation              Tloc           26%        N/A       6%          1
 Corona                   Hex            14%        N/A       6%          1
 Pain                     Necr           52%        1d6       6%          1
 Summon Small Mammal      Summ           52%        N/A       6%          1
 Conjure Flame            Conj/Fire      20%        6-21      9%          3
 Inner Flame              Hex/Fire       19%        N/A       10%         3
 Vampiric Draining        Necr           6%         2d6       19%         3
 Fireball                 Conj/Fire      10%        3d6       58%         5


Dungeon Overview and Level Annotations

Branches:
Dungeon (7/15)             Temple (0/1) D:4

Altars:
Dithmenos
Gozag
Kikubaaqudgha
Ru
Trog
Vehumet
Zin
The Shining One

Shops:
D:5 *   D:6 [

Annotations:
D:5 3 runed translucent doors, exclusion: statue, DocClef's ghost, amateur GnDe


Innate Abilities, Weirdness & Mutations

You have very sharp teeth.
Your uncanny sense of smell can sniff out nearby items.
Your experience applies equally to all skills.
Armour fits poorly on your strangely shaped body.
You expend magic power (3 MP) to strengthen your wands.


Message History

* * * LOW HITPOINT WARNING * * *
The steam dragon closely misses you.
Your foxfire dissipates!
The foxfire hits the centaur zombie.
The centaur zombie is almost destroyed.
The centaur zombie closely misses you.
You riposte.
You hit the centaur zombie.
You destroy the centaur zombie!
The steam dragon breathes steam at you. The ball of steam misses you.
Your magical contamination has completely faded away.
You fade into invisibility!
A howler monkey comes into view.
You are very lightly contaminated with residual magic.
Casting: Foxfire (safe; 2% risk of failure)
Confirm with . or Enter, or press ? or * to list all spells.
The spell is quite dangerous to cast (26% risk of failure)!
Continue anyway?
Aiming: Sticky Flame (quite dangerous; 26% risk of failure)
Press: ? - help, Shift-Dir - straight line, f/p - steam dragon
Aim: a steam dragon (steam, heavily wounded, catching its breath, 100% to hit)
The sticky flame hits the steam dragon.
The steam dragon is heavily wounded.
The steam dragon is covered in liquid flames!
* * * LOW HITPOINT WARNING * * *
The steam dragon burns!
The howler monkey hoots and howls with incredible vigour!
A howler monkey comes into view.
The steam dragon barely misses you. The steam dragon closely misses you.
Unknown command.
Found 11 stones.
The steam dragon burns!
The howler monkey is engulfed in a cloud of scalding steam.
Unknown command.
The steam dragon burns!
The steam dragon breathes steam at you. The ball of steam misses you.
An ogre comes into view. It is wielding a +0 giant club.
There is a stone staircase leading down here.
It was a potion of flight.
You feel very buoyant.
You fly up into the air.
You die...

.......# ).....
#.##.#### ####
#######.##.##.##...##
....................#
....................#
[.........$.........#
...##...####+###...##
#.h.##§@..##...#
#...hD§........
#.............O
#.....§...##.(.
#.........## ##
#..........#
#...##.....#
#+####.....#
#..........#


You could see a steam dragon (burning) and an ogre.

Vanquished Creatures
  A steam dragon (D:4)
  A sky beast (D:7)
  An ice beast (D:4)
  2 centaurs (D:6)
  A bullfrog (D:4)
  Blork the orc (D:5)
  A scorpion (D:5)
  A bullfrog zombie (D:5)
  A centaur zombie (D:7)
  A hound (D:4)
  A gnoll shaman (D:6)
  3 orc priests
  A centaur skeleton (D:6)
  2 jellies
  A bullfrog skeleton (D:5)
  An iguana (D:3)
  3 orc wizards (D:4)
  7 gnolls
  4 adders
  A howler monkey skeleton (D:4)
  An adder skeleton (D:4)
  2 worms (D:3)
  A dart slug (D:3)
  7 orcs
  10 endoplasms
  3 giant cockroaches
  6 hobgoblins
  7 kobolds
  3 quokkas
  8 ball pythons
  6 bats
  2 frilled lizards
  9 goblins
  4 rats (D:1)
104 creatures vanquished.

Vanquished Creatures (collateral kills)
  A foxfire (D:6)
1 creature vanquished.

Vanquished Creatures (others)
  A human (D:6)
  241 foxfires
242 creatures vanquished.

Grand Total: 347 creatures vanquished

Notes
Turn   | Place    | Note
-------+----------+-------------------------------------------
     0 | D:1      | hatdisgam the Gnoll Fire Elementalist began the quest for
                  | the Orb.
     0 | D:1      | Reached XP level 1. HP: 13/13 MP: 6/6
   340 | D:1      | Reached XP level 2. HP: 19/19 MP: 5/7
   555 | D:1      | Found a faded altar of an unknown god.
   882 | D:1      | Reached XP level 3. HP: 15/25 MP: 3/9
  1133 | D:2      | Reached skill level 5 in Spellcasting
  1879 | D:2      | Reached skill level 1 in Invocations
  2157 | D:3      | Reached skill level 1 in Fighting
  2157 | D:3      | Reached skill level 1 in Short Blades
  2157 | D:3      | Reached skill level 1 in Long Blades
  2157 | D:3      | Reached skill level 1 in Axes
  2157 | D:3      | Reached skill level 1 in Maces & Flails
  2157 | D:3      | Reached skill level 1 in Polearms
  2157 | D:3      | Reached skill level 1 in Staves
  2157 | D:3      | Reached skill level 1 in Slings
  2157 | D:3      | Reached skill level 1 in Bows
  2157 | D:3      | Reached skill level 1 in Crossbows
  2157 | D:3      | Reached skill level 1 in Throwing
  2157 | D:3      | Reached skill level 1 in Armour
  2157 | D:3      | Reached skill level 1 in Shields
  2157 | D:3      | Reached skill level 1 in Unarmed Combat
  2157 | D:3      | Reached skill level 1 in Evocations
  2370 | D:3      | Reached XP level 4. HP: 32/32 MP: 7/11
  2428 | D:3      | Found a bloodstained altar of Trog.
  2446 | D:3      | Learned a level 4 spell: Sticky Flame
  2540 | D:3      | Found a glowing silver altar of Zin.
  2638 | D:3      | Reached skill level 1 in Hexes
  2638 | D:3      | Reached skill level 1 in Summonings
  2638 | D:3      | Reached skill level 1 in Necromancy
  2638 | D:3      | Reached skill level 1 in Translocations
  2638 | D:3      | Reached skill level 1 in Transmutations
  2638 | D:3      | Reached skill level 1 in Ice Magic
  2638 | D:3      | Reached skill level 1 in Air Magic
  2638 | D:3      | Reached skill level 1 in Earth Magic
  2638 | D:3      | Reached skill level 1 in Poison Magic
  2896 | D:3      | Reached XP level 5. HP: 24/37 MP: 3/12
  3436 | D:4      | Found a shadowy altar of Dithmenos.
  3505 | D:4      | Noticed a steam dragon
  3519 | D:4      | Killed a steam dragon
  3520 | D:4      | Reached skill level 5 in Dodging
  3520 | D:4      | Reached XP level 6. HP: 8/44 MP: 3/14
  3524 | D:4      | Identified the ring of Aczimak {rElec rF++ Will++ Str+6
                  | Int-5}
  4013 | D:4      | Found a staircase to the Ecumenical Temple.
  4225 | D:4      | Found a glowing golden altar of the Shining One.
  4302 | D:4      | Reached XP level 7. HP: 50/50 MP: 12/15
  4459 | D:5      | Entered Level 5 of the Dungeon
  4512 | D:4      | Gained mutation: Armour fits poorly on your strangely
                  | shaped body. [potion of mutation]
  4512 | D:4      | Gained mutation: You expend magic power (3 MP) to
                  | strengthen your wands. [potion of mutation]
  5351 | D:5      | Reached skill level 5 in Stealth
  5450 | D:5      | Found a runed translucent gate.
  5450 | D:5      | Found a runed translucent gate.
  5450 | D:5      | Found an opulent altar of Gozag.
  5452 | D:5      | Found a runed translucent gate.
  5453 | D:5      | Noticed DocClef's ghost (amateur GnDe)
  5537 | D:5      | Found a sacrificial altar of Ru.
  5589 | D:5      | Noticed Blork the orc
  5595 | D:5      | Killed Blork the orc
  5651 | D:5      | Found a radiant altar of Vehumet.
  5674 | D:5      | Reached XP level 8. HP: 57/57 MP: 11/16
  5766 | D:5      | Found Jitytsec's Lightly-Used Armoury.
  5784 | D:5      | Bought a -3 quick blade for 1 gold piece
  5784 | D:5      | Bought a -1 double sword for 120 gold pieces
  6052 | D:6      | Found Fototrurch's Antique Armour Shoppe.
  6055 | D:6      | Bought a runed leather armour for 140 gold pieces
  6662 | D:6      | Found an ancient bone altar of Kikubaaqudgha.
  6882 | D:7      | Engulfed by a steam dragon's steam

Illustrated notes

Levels and vault maps discovered:
D:1:      eino_arrival_cavern_d, layout_rooms,
          shapermc_ecumenical_altar_totnotflames, minmay_split_cup_large
D:2:      layout_basic
D:3:      layout_loops_ring, zin_scriptorium, trog_three_pillars_becter
D:4:      layout_cave_pools, mainiacjoe_overflow_tiny_flanked,
          nicolae_tso_swordbearing_angel, minmay_temple_entry_nine_rooms,
          minmay_misc_feat_cross
D:5:      layout_rooms, mainiacjoe_overflow_alcove_4, vehumet_statue,
          ebering_ghost_gozag, minmay_shop_damaged, kennysheep_cross_bottleneck,
          hex_intersection, uniq_blork_the_orc
D:6:      layout_rooms, tgw_kikubaaqudgha, nicolae_stop_n_shop_1,
          lemuel_another_geyser
D:7:      layout_gridville, gammafunk_temple_overflow_statue

Skill      XL: |  1  2  3  4  5  6  7  8 |
---------------+-------------------------+-----
Conjurations   | 2 3 |  3.5
Spellcasting   | 5 6 |  6.1
Invocations    | 1 2 3 |  3.7
Fighting       | 1 2 3 |  3.3
Short Blades   | 1 2 3 |  3.3
Long Blades    | 1 2 3 |  3.3
Axes           | 1 2 3 |  3.3
Maces & Flails | 1 2 3 |  3.3
Polearms       | 1 2 3 |  3.3
Staves         | 1 2 3 |  3.3
Slings         | 1 2 3 |  3.3
Bows           | 1 2 3 |  3.3
Crossbows      | 1 2 3 |  3.3
Throwing       | 1 2 3 |  3.3
Armour         | 1 2 3 |  3.3
Shields        | 1 2 3 |  3.3
Unarmed Combat | 1 2 3 |  3.3
Evocations     | 1 2 3 |  3.3
Hexes          | 1 2 |  2.7
Summonings     | 1 2 |  2.7
Necromancy     | 1 2 |  2.7
Translocations | 1 2 |  2.7
Transmutations | 1 2 |  2.7
Ice Magic      | 1 2 |  2.7
Air Magic      | 1 2 |  2.7
Earth Magic    | 1 2 |  2.7
Poison Magic   | 1 2 |  2.7
Dodging        | 5 |  5.7
Stealth        | 5 |  5.4
Fire Magic     | 6 |  6.1

Action                   |  1- 3 |  4- 6 |  7- 9 || total
-------------------------+-------+-------+-------++-------
Melee: Short sword       |    34 |       |       ||    34
       Unarmed           |     1 |       |       ||     1
       Bite              |     2 |     8 |     7 ||    17
       Spear             |    48 |    19 |       ||    67
       Falchion          |       |    24 |    64 ||    88
       Punch             |       |       |     2 ||     2
 Cast: Foxfire           |    33 |    57 |    54 ||   144
       Sticky Flame      |       |     1 |     7 ||     8
  Use: Potion            |       |       |     5 ||     5
       Scroll            |       |       |     4 ||     4
 Stab: Sleeping          |     7 |     3 |     2 ||    12
       Invisible         |       |       |     1 ||     1
Armor: Robe              |    18 |     6 |    14 ||    38
       Leather armour    |       |       |    24 ||    24
Dodge: Dodged            |    49 |    30 |    98 ||   177
       Rpst.: Falchion   |       |     8 |    29 ||    37

Table legend: (Time is in decaauts)
 A = Elapsed time spent in this place.
 B = Non-inter-level travel time spent in this place.
 C = Inter-level travel time spent in this place.
 D = Time resting spent in this place.
 E = Time spent auto-exploring this place.
 F = Levels seen in this place.
 G = Mean time per level.
                   A        B        C        D        E       F      G
               +--------+--------+--------+--------+--------+-----+--------+
         Total |   6888 |   6756 |    132 |    935 |   4875 |   7 |  984.0 |
       Dungeon |   6888 |   6756 |    132 |    935 |   4875 |   7 |  984.0 |
               +--------+--------+--------+--------+--------+-----+--------+

Top non-repeatable levels by time:
     D:4: 1911 daAuts
     D:3: 1168 daAuts
     D:1: 1129 daAuts
     D:2: 1022 daAuts
     D:5: 824 daAuts
     D:6: 786 daAuts
     D:7: 45 daAuts
